[Event "Titled Tuesday Blitz November 29 Early 2022"]
[White "Sai Han Thiha"]
[Black "Sargissyan, Sargis"]
[WhiteFideId "13012290"]
[BlackFideId "13303210"]
[WhiteElo "2023"]
[BlackElo "2109"]
[Result "0-1"]
[Round "05"]
[TimeControl "180+1"]
[Date "2022.11.30"]
[WhiteClock "0:00:06"]
[BlackClock "0:00:05"]

1. d4 Nf6 2. c4 g6 3. Nc3 d5 4. Nf3 Bg7 5. Qb3 dxc4 6. Qxc4 O-O 7. e4 a6 8. Be2 b5 9. Qb3 c5 10. dxc5 Nbd7 11. e5 Nxc5 12. Qb4 Nfd7 13. Be3 a5 14. Qxb5 Ba6 15. Qc6 Bxe2 16. Kxe2 Rc8 17. Qd5 Qb6 18. Rab1 Qa6+ 19. Ke1 Nd3+ 20. Kd2 N7xe5 21. Nxe5 Nxe5 22. Qb5 Qxb5 23. Nxb5 Rfd8+ 24. Ke1 Nd3+ 25. Ke2 Nxb2 26. Kf3 Rb8 27. Na3 f5 28. Rhc1 e5 29. g3 e4+ 30. Kg2 Bf8 31. Nc2 Nd3 32. Rxb8 Rxb8 33. Rd1 Rb2 34. Nd4 Rxa2 35. Ne6 a4 36. Rb1 Rb2 37. Ra1 Rb4 38. Bd2 Rc4 39. Be3 Kf7 40. Ng5+ Kg8 41. Rb1 a3 42. Rb8 Kg7 43. Ne6+ Kf7 44. Nxf8 Ra4 45. Ra8 Rxa8 46. Nd7 a2 47. Bd4 a1=Q 48. Bxa1 Rxa1 49. Nb6 Ra2 0-1


[Site "https://www.chess.com"]

[Event "Titled Tuesday Blitz November 29 Early 2022"]
[White "Salinas Herrera, Pablo"]
[Black "Chigaev, Maksim"]
[WhiteFideId "3407128"]
[BlackFideId "4108116"]
[WhiteElo "2843"]
[BlackElo "3010"]
[Result "0-1"]
[Round "05"]
[TimeControl "180+1"]
[Date "2022.11.30"]
[WhiteClock "0:00:08"]
[BlackClock "0:00:10"]

1. d4 Nf6 2. c4 g6 3. Nc3 d5 4. cxd5 Nxd5 5. Bd2 c5 6. dxc5 Bg7 7. Qb3 Be6 8. Qa3 Nc6 9. Nf3 O-O 10. Rc1 Rb8 11. Nxd5 Qxd5 12. Bc3 Bxc3+ 13. Qxc3 Qxa2 14. e3 b6 15. cxb6 Rxb6 16. Bd3 Rc8 17. O-O Qxb2 18. Qxb2 Rxb2 19. Ra1 Nb4 20. Be4 Ra2 21. Nd4 Bc4 22. Rfc1 Rxa1 23. Rxa1 a6 24. g4 Bb5 25. Rb1 Bd3 26. Bxd3 Nxd3 27. Ra1 Rc1+ 28. Rxc1 Nxc1 29. Nc6 Kf8 30. Kf1 Nb3 31. Ke1 Nc5 32. Kd2 Ke8 33. f3 f6 34. Kc3 Kd7 35. Na5 Kc7 36. Kd4 Nb7 37. Nb3 Kc6 38. Kc4 a5 39. h4 e5 40. f4 exf4 41. exf4 Nd6+ 42. Kc3 a4 43. Nd4+ Kd5 44. h5 Ne4+ 45. Kd3 Nf2+ 46. Kc3 Nxg4 47. hxg6 hxg6 48. f5 g5 49. Ne6 Ke5 50. Ng7 Ne3 0-1


[Site "https://www.chess.com"]

[Event "Titled Tuesday Blitz November 29 Early 2022"]
[White "Salman, Pavel"]
[Black "Zhu, Jiner"]
[WhiteFideId "24153753"]
[BlackFideId "8608059"]
[WhiteElo "2187"]
[BlackElo "2384"]
[Result "1-0"]
[Round "05"]
[TimeControl "180+1"]
[Date "2022.11.30"]
[WhiteClock "0:00:12"]
[BlackClock "0:00:42"]

1. Nf3 Nf6 2. g3 g6 3. Bg2 Bg7 4. O-O O-O 5. d3 d6 6. Nbd2 e5 7. e4 Nc6 8. a4 h6 9. Nc4 Be6 10. Qe2 Nd7 11. c3 f5 12. Nh4 Kh7 13. exf5 gxf5 14. f4 Qe7 15. Qh5 e4 16. Ne3 Nf6 17. Qg6+ Kh8 18. Nexf5 Qd7 19. dxe4 Rae8 20. Nxh6 Ne7 21. Qg5 Nh7 22. Qh5 Nf6 23. Qg5 Nh7 24. Qh5 Rf6 25. f5 Bc4 26. Bg5 Bxf1 27. Rxf1 Ref8 28. Bxf6 Nxf6 29. Qg5 Nh7 30. Qe3 Qe8 31. Ng4 Nc6 32. Ng6+ Kg8 33. Nxf8 Nxf8 34. f6 Qg6 35. fxg7 1-0


[Site "https://www.chess.com"]

[Event "Titled Tuesday Blitz November 29 Early 2022"]
[White "Sanchez, Robert"]
[Black "Zacurdajev, Dmitry"]
[WhiteFideId "2034360"]
[BlackFideId "4196309"]
[WhiteElo "2322"]
[BlackElo "2179"]
[Result "1-0"]
[Round "05"]
[TimeControl "180+1"]
[Date "2022.11.30"]
[WhiteClock "0:00:05"]
[BlackClock "0:00:01"]

1. e4 c6 2. d4 d5 3. e5 c5 4. dxc5 Nc6 5. Nf3 e6 6. Be3 Nge7 7. Bd3 Nf5 8. Bxf5 exf5 9. O-O Be7 10. c3 Be6 11. b4 O-O 12. Nbd2 Qc7 13. Bf4 b6 14. b5 Na5 15. c6 h6 16. h4 Rfd8 17. a4 a6 18. Qe2 Ra7 19. h5 Rda8 20. Nd4 Qc8 21. Qd3 Nc4 22. Nxc4 dxc4 23. Qg3 Kh7 24. Rad1 axb5 25. axb5 Ra3 26. Nxe6 Qxe6 27. Rd7 Bb4 28. Bd2 Rb3 29. Rd1 Bc5 30. Be1 Rxb5 31. c7 Rc8 32. Qf3 Ra5 33. Qb7 Raa8 34. R1d5 Qe8 35. Bd2 Ra1+ 36. Kh2 Bxf2 37. Bf4 Bg1+ 38. Kh3 Ra3 39. g3 Rxc3 40. Kg2 Bc5 41. Qc6 Rc2+ 42. Kf3 Rc3+ 43. Ke2 Rc2+ 44. Kf3 Ra8 45. Rxc5 Ra3+ 46. Be3 Qxe5 47. Rxe5 Rxe3+ 48. Rxe3 1-0


[Site "https://www.chess.com"]

[Event "Titled Tuesday Blitz November 29 Early 2022"]
[White "Santos Ruiz, Miguel"]
[Black "Andreikin, Dmitry"]
[WhiteFideId "22291482"]
[BlackFideId "4158814"]
[WhiteElo "2859"]
[BlackElo "3036"]
[Result "1-0"]
[Round "05"]
[TimeControl "180+1"]
[Date "2022.11.30"]
[WhiteClock "0:00:11"]
[BlackClock "0:00:03"]

1. e4 e6 2. d4 d5 3. Nd2 Be7 4. c3 c5 5. dxc5 Nf6 6. Bd3 dxe4 7. Nxe4 Nxe4 8. Bxe4 Qxd1+ 9. Kxd1 Bxc5 10. Be3 Bxe3 11. fxe3 Nd7 12. Nf3 Nc5 13. Bc2 b6 14. b4 Nd7 15. Be4 Rb8 16. Kc2 Ke7 17. Rhd1 Bb7 18. Bxb7 Rxb7 19. Kb3 Rc8 20. c4 a5 21. a3 Rbc7 22. Rac1 h6 23. h3 g5 24. Rc3 Ra8 25. Nd4 Ne5 26. c5 a4+ 27. Ka2 bxc5 28. bxc5 Ra5 29. Rdc1 f5 30. R1c2 h5 31. Rc1 h4 32. R1c2 g4 33. Rc1 Kf6 34. c6 Rd5 35. Rb1 g3 36. Rb7 Rc8 37. c7 Rd7 38. Nb5 Rd2+ 39. Kb1 Rxg2 40. Rb8 Rg1+ 41. Ka2 Rxc7 42. Rxc7 g2 43. Rf8+ Kg5 44. Rg7+ Ng6 45. Rfg8 Ra1+ 46. Kb2 Rb1+ 47. Kc2 Rc1+ 48. Kd3 Rd1+ 49. Kc3 Rc1+ 50. Kb4 Rb1+ 51. Kxa4 1-0


[Site "https://www.chess.com"]

[Event "Titled Tuesday Blitz November 29 Early 2022"]
[White "Saravana, Krishnan P."]
[Black "Broca Jimenez, Fernando"]
[WhiteFideId "5018382"]
[BlackFideId "5104742"]
[WhiteElo "2155"]
[BlackElo "2062"]
[Result "1-0"]
[Round "05"]
[TimeControl "180+1"]
[Date "2022.11.30"]
[WhiteClock "0:01:56"]
[BlackClock "0:01:03"]

1. d4 Nf6 2. Nf3 e6 3. c4 b6 4. a3 Bb7 5. Nc3 Be7 6. Qc2 d5 7. cxd5 exd5 8. Bg5 O-O 9. e3 Nbd7 10. Bd3 c5 11. O-O h6 12. Bh4 Rc8 13. Rad1 Re8 14. Bf5 c4 15. Ne5 a6 16. Bxf6 Bxf6 17. Nxd7 g6 18. Nxf6+ Qxf6 19. Bxc8 Bxc8 20. Nxd5 Qc6 21. e4 f5 22. f3 Bb7 23. Qd2 Kg7 24. Nc3 fxe4 25. fxe4 b5 26. d5 Qd6 27. Qd4+ Kh7 28. Rf7+ 1-0


[Site "https://www.chess.com"]

[Event "Titled Tuesday Blitz November 29 Early 2022"]
[White "Schut, Han"]
[Black "Fernandez Garcia, Gumersindo"]
[WhiteFideId "1005561"]
[BlackFideId "24516740"]
[WhiteElo "2024"]
[BlackElo "2140"]
[Result "0-1"]
[Round "05"]
[TimeControl "180+1"]
[Date "2022.11.30"]
[WhiteClock "0:00:03"]
[BlackClock "0:00:14"]

1. e4 e5 2. Nf3 Nf6 3. Bc4 d5 4. exd5 e4 5. Ne5 Bd6 6. d4 O-O 7. O-O Re8 8. f4 exf3 9. Nxf3 Bg4 10. Nc3 Nbd7 11. Bg5 Nb6 12. Bd3 h6 13. Bxf6 Qxf6 14. Ne4 Qf4 15. Nxd6 Qxd6 16. c4 Qb4 17. a3 Qxb2 18. Rf2 Qc3 19. Rc2 Qa5 20. h3 Bxf3 21. Qxf3 Re1+ 22. Rxe1 Qxe1+ 23. Kh2 Re8 24. Qf5 g6 25. Qf4 Qe3 26. Qxe3 Rxe3 27. Rd2 Nc8 28. Kg1 Nd6 29. Kf2 Re8 30. c5 Nc8 31. Bc4 Rd8 32. Re2 Kf8 33. Kf3 b6 34. g4 Ne7 35. Re5 Ng8 36. a4 Nf6 37. a5 Nd7 38. Re4 bxc5 39. dxc5 Nxc5 40. Rd4 Nd7 41. Kf4 f6 42. d6 cxd6 43. Rxd6 Ke7 44. Ra6 Ra8 45. Re6+ Kf8 46. Rd6 Rd8 47. Bb5 Ke7 48. Ra6 Ra8 49. Bc4 Rc8 50. Re6+ Kf8 51. Bd5 Rc5 52. Rd6 Ke7 53. Re6+ Kd8 54. Rd6 Kc7 55. Rxd7+ Kxd7 56. Bf7 g5+ 57. Ke4 Kd6 58. a6 Re5+ 59. Kd4 Ra5 60. Bc4 Ra3 61. h4 gxh4 0-1


[Site "https://www.chess.com"]

[Event "Titled Tuesday Blitz November 29 Early 2022"]
[White "Sengupta, Deep"]
[Black "Adnan, Habib"]
[WhiteFideId "5008352"]
[BlackFideId "11202270"]
[WhiteElo "2397"]
[BlackElo "2110"]
[Result "1-0"]
[Round "05"]
[TimeControl "180+1"]
[Date "2022.11.30"]
[WhiteClock "0:00:36"]
[BlackClock "0:00:05"]

1. Nf3 Nf6 2. c4 g6 3. Nc3 Bg7 4. e4 d6 5. d4 O-O 6. Be2 e5 7. d5 a5 8. h3 Na6 9. Be3 Bd7 10. Nd2 Nc5 11. Qc2 a4 12. O-O Ne8 13. b4 axb3 14. axb3 Rxa1 15. Rxa1 f5 16. b4 Nxe4 17. Ndxe4 fxe4 18. Nxe4 h6 19. Bd3 g5 20. Ra7 b6 21. c5 bxc5 22. bxc5 Bf5 23. c6 Kh8 24. Ng3 Bc8 25. Ra8 Nf6 26. Qa4 Qe7 27. Qa5 e4 28. Bc4 g4 29. h4 Nh7 30. Ra7 Rf7 31. Ra8 Rf8 32. Qa7 Be5 33. Bxh6 Rg8 34. Be3 Qxh4 35. Qxc7 Nf6 36. Rxc8 Bxg3 37. Rxg8+ Nxg8 38. fxg3 Qf6 39. Qa7 1-0


[Site "https://www.chess.com"]

[Event "Titled Tuesday Blitz November 29 Early 2022"]
[White "Seo, Jung Min"]
[Black "Tokhirjonova, Gulrukhbegim"]
[WhiteFideId "1734687"]
[BlackFideId "14203626"]
[WhiteElo "2455"]
[BlackElo "2236"]
[Result "1-0"]
[Round "05"]
[TimeControl "180+1"]
[Date "2022.11.30"]
[WhiteClock "0:00:50"]
[BlackClock "0:00:22"]

1. e4 e5 2. Nf3 Nc6 3. Bc4 Nf6 4. d3 Bc5 5. O-O O-O 6. Re1 Re8 7. c3 d5 8. exd5 Nxd5 9. Nbd2 Nb6 10. Bb5 Bd6 11. Ne4 Bf5 12. Ng3 Bg6 13. Bg5 f6 14. Be3 Kh8 15. Nh4 Bf7 16. Nhf5 Bf8 17. d4 exd4 18. Nxd4 Qd5 19. Bxc6 bxc6 20. b3 Rad8 21. Qg4 c5 22. Nb5 Qb7 23. c4 Nd7 24. Bf4 Ne5 25. Bxe5 fxe5 26. Qf3 c6 27. Nc3 Rd4 28. Re3 Bg6 29. Rae1 Bd6 30. Nce4 Bf8 31. h4 h6 32. Nf5 Rdd8 33. Qg4 Qf7 34. Neg3 Qf6 35. Rf3 Qe6 36. Nxh6 Qxg4 37. Nxg4 Bh5 38. Nxh5 1-0


[Site "https://www.chess.com"]

[Event "Titled Tuesday Blitz November 29 Early 2022"]
[White "Sethuraman, S.P."]
[Black "Buksa, Nataliya"]
[WhiteFideId "5021596"]
[BlackFideId "14123622"]
[WhiteElo "2929"]
[BlackElo "2632"]
[Result "1-0"]
[Round "05"]
[TimeControl "180+1"]
[Date "2022.11.30"]
[WhiteClock "0:00:45"]
[BlackClock "0:00:15"]

1. e4 c5 2. Nf3 Nc6 3. Bb5 g6 4. O-O Bg7 5. c3 e5 6. d4 exd4 7. cxd4 cxd4 8. Bf4 a6 9. Bc4 Nge7 10. Bd6 O-O 11. Nbd2 b5 12. Bd5 Bb7 13. Nb3 Na5 14. Nxa5 Bxd5 15. exd5 Re8 16. Bxe7 Qxe7 17. Nb3 Qd6 18. Nbxd4 Qxd5 19. Qd2 Re4 20. Rad1 Rae8 21. b3 h5 22. Nc2 Qc5 23. Ne3 Bh6 24. Kh1 R8e7 25. Qd5 Bxe3 26. fxe3 Qxd5 27. Rxd5 Rxe3 28. Rfd1 Rc3 29. Kg1 Rc2 30. R5d2 Rc7 31. Kf2 f6 32. Re1 Kf7 33. Rxe7+ Kxe7 34. h4 Rc1 35. Ke3 Ke6 36. Kf4 Rc5 37. Ke4 Rc1 38. Nd4+ Ke7 39. Ne2 Rc5 40. Nf4 f5+ 41. Kd4 Rc6 42. Re2+ Kf7 43. Nd5 Rc1 44. Re7+ Kf8 45. Rxd7 Rc2 46. g3 Rg2 47. Ke5 Rxg3 48. Ra7 Rg4 49. Nf4 Ke8 50. Ne6 f4 51. Kf6 f3 52. Re7# 1-0


[Site "https://www.chess.com"]

[Event "Titled Tuesday Blitz November 29 Early 2022"]
[White "Shipov, Sergei"]
[Black "Yurasova, Daria"]
[WhiteFideId "4113624"]
[BlackFideId "34146919"]
[WhiteElo "2803"]
[BlackElo "2097"]
[Result "1-0"]
[Round "05"]
[TimeControl "180+1"]
[Date "2022.11.30"]
[WhiteClock "0:00:20"]
[BlackClock "0:00:05"]

1. d4 d5 2. c4 dxc4 3. Nf3 Nf6 4. e3 e6 5. Bxc4 a6 6. Qe2 b5 7. Bd3 Bb7 8. O-O Nbd7 9. a4 b4 10. e4 Be7 11. Nbd2 O-O 12. e5 Nd5 13. Nb3 c5 14. Qe4 g6 15. Bh6 Re8 16. h4 cxd4 17. h5 Bf8 18. Bxf8 Nxf8 19. Qg4 Ne7 20. Ng5 Nf5 21. Nc5 Bd5 22. Nce4 Bxe4 23. Nxe4 Nd7 24. Qf4 Qc7 25. g4 Ne7 26. Nd6 Rf8 27. Rac1 Qa5 28. Rfe1 Qd5 29. Be4 Qxe5 30. Qxe5 Nxe5 31. Bxa8 Nd3 32. Be4 Nxe1 33. Rxe1 Rd8 34. Nc4 f5 35. Bb7 d3 36. Rxe6 Kf7 37. Re1 fxg4 38. hxg6+ Nxg6 39. Bxa6 Nf4 40. Rd1 h5 41. Ne5+ Kf6 42. Nxd3 Kf5 43. a5 h4 44. Bc4 g3 45. fxg3 hxg3 46. a6 Rd7 47. Rf1 Kg5 48. Rxf4 1-0


[Site "https://www.chess.com"]

[Event "Titled Tuesday Blitz November 29 Early 2022"]
[White "Shuvalov, Evgenij"]
[Black "Gareyev, Timur"]
[WhiteFideId "4187237"]
[BlackFideId "14200937"]
[WhiteElo "2049"]
[BlackElo "2552"]
[Result "0-1"]
[Round "05"]
[TimeControl "180+1"]
[Date "2022.11.30"]
[WhiteClock "0:00:23"]
[BlackClock "0:00:14"]

1. d4 Nf6 2. c4 e5 3. dxe5 Ne4 4. a3 d6 5. Nf3 Nc6 6. Bf4 g5 7. Bc1 g4 8. Nfd2 Ng5 9. exd6 Bg7 10. Nc3 Bxc3 11. bxc3 Qxd6 12. e3 Bf5 13. Be2 h5 14. Qb3 O-O-O 15. Qb5 Ne5 16. c5 Qg6 17. c6 Nxc6 18. O-O Rxd2 19. Bxd2 Nf3+ 20. Bxf3 gxf3 21. g3 Qg4 22. Kh1 Rd8 23. e4 Bxe4 24. Bf4 Bd3 25. Qc5 Bxf1 26. Rxf1 Qh3 27. Rg1 Rd1 28. Qf8+ Nd8 29. Qxd8+ Rxd8 0-1


[Site "https://www.chess.com"]

[Event "Titled Tuesday Blitz November 29 Early 2022"]
[White "Silva, Miguel Antonio Neto"]
[Black "Samaganova, Aleksandra"]
[WhiteFideId "1911929"]
[BlackFideId "13800221"]
[WhiteElo "2223"]
[BlackElo "1864"]
[Result "1-0"]
[Round "05"]
[TimeControl "180+1"]
[Date "2022.11.30"]
[WhiteClock "0:01:52"]
[BlackClock "0:00:31"]

1. d4 Nf6 2. c4 e6 3. Nf3 b6 4. g3 Bb7 5. Bg2 Be7 6. O-O O-O 7. d5 exd5 8. Nh4 c6 9. cxd5 Nxd5 10. Nf5 Bf6 11. e4 Nc7 12. Nc3 d5 13. exd5 Nxd5 14. Ne4 Re8 15. Nfd6 Re7 16. Nxf6+ gxf6 17. Nf5 Kh8 18. Bxd5 cxd5 19. Qg4 Qg8 20. Qxg8+ Kxg8 21. Nxe7+ Kf8 22. Nf5 Nd7 23. Bh6+ Ke8 24. Rfe1+ Kd8 25. Nd6 1-0


[Site "https://www.chess.com"]

[Event "Titled Tuesday Blitz November 29 Early 2022"]
[White "Sokolovsky, Yahli"]
[Black "Kukreja, Sankalp"]
[WhiteFideId "2820242"]
[BlackFideId "45027676"]
[WhiteElo "2316"]
[BlackElo "2154"]
[Result "1-0"]
[Round "05"]
[TimeControl "180+1"]
[Date "2022.11.30"]
[WhiteClock "0:00:18"]
[BlackClock "0:00:04"]

1. b3 d5 2. e3 Nf6 3. Bb2 e6 4. Nf3 Be7 5. d4 O-O 6. Bd3 c5 7. Nbd2 b6 8. O-O Nc6 9. Ne5 Bb7 10. f4 Rc8 11. a3 Qc7 12. Rf3 Nxe5 13. fxe5 Ne4 14. Rh3 f5 15. exf6 Bxf6 16. Qg4 cxd4 17. exd4 Ng5 18. Rh5 Qf7 19. Rf1 Ne4 20. Rh3 h6 21. Rxh6 Nxd2 22. Bh7+ Kh8 23. Bg6+ gxh6 24. Bxf7 Rxf7 25. Qxe6 Bxd4+ 26. Rf2 Nf3+ 27. gxf3 Rg8+ 28. Kf1 Bxb2 29. Qxf7 Rg7 30. Qf8+ Kh7 31. Qf5+ Kh8 32. Re2 Ba6 33. Qxd5 Re7 34. Qd8+ Kh7 35. Qxe7+ 1-0


[Site "https://www.chess.com"]

[Event "Titled Tuesday Blitz November 29 Early 2022"]
[White "Stankovic, Ivan G"]
[Black "Vakhlamov, Igor L."]
[WhiteFideId "902837"]
[BlackFideId "24126748"]
[WhiteElo "2226"]
[BlackElo "2401"]
[Result "1-0"]
[Round "05"]
[TimeControl "180+1"]
[Date "2022.11.30"]
[WhiteClock "0:00:34"]
[BlackClock "0:00:28"]

1. e4 c5 2. c4 Nc6 3. Nc3 Nf6 4. g3 e6 5. Bg2 d5 6. d3 dxc4 7. dxc4 Qxd1+ 8. Nxd1 Bd7 9. Ne3 O-O-O 10. Bd2 Nd4 11. e5 Ne8 12. Ne2 f6 13. f4 fxe5 14. fxe5 Be7 15. Nxd4 cxd4 16. Ng4 Nc7 17. O-O Rhf8 18. b4 Na8 19. Nf2 Nb6 20. Rac1 Bc6 21. Bxc6 bxc6 22. a4 Nxa4 23. Ra1 Nb6 24. Rxa7 Rd7 25. Ra6 Kb7 26. Rfa1 Ra8 27. Rxb6+ Kxb6 28. Rxa8 c5 29. b5 d3 30. Ra6+ Kb7 31. Rxe6 Bd8 32. Ne4 Bb6 33. Nd6+ Kc7 34. Kf2 Rd8 35. Re7+ Rd7 36. Rxd7+ Kxd7 37. Ke3 Ke6 38. Ke4 Ba5 39. Bxa5 d2 40. Bxd2 g5 41. Be3 h5 42. Bxc5 g4 43. Be3 h4 44. c5 h3 45. c6 Ke7 46. b6 Kf8 47. Kf5 Kg7 48. c7 Kh7 49. c8=Q Kg7 50. b7 Kh7 51. Qd7+ Kh8 52. b8=Q# 1-0


[Site "https://www.chess.com"]

[Event "Titled Tuesday Blitz November 29 Early 2022"]
[White "Stijve, Theo"]
[Black "Sovetbekova, Nurai"]
[WhiteFideId "1331132"]
[BlackFideId "13801910"]
[WhiteElo "2256"]
[BlackElo "1925"]
[Result "0-1"]
[Round "05"]
[TimeControl "180+1"]
[Date "2022.11.30"]
[WhiteClock "0:00:11"]
[BlackClock "0:00:06"]

1. e4 c5 2. c3 Nf6 3. e5 Nd5 4. d4 d6 5. Nf3 cxd4 6. cxd4 Nc6 7. Bb5 Qa5+ 8. Nc3 Nxc3 9. Bxc6+ bxc6 10. Qd2 Bg4 11. Qxc3 Qxc3+ 12. bxc3 Bxf3 13. gxf3 dxe5 14. dxe5 e6 15. Rg1 Rb8 16. Kd1 g6 17. Kc2 Kd7 18. Be3 a6 19. Rab1 Ba3 20. Ba7 Rxb1 21. Rxb1 Rc8 22. c4 c5 23. Bb6 Bb4 24. Rd1+ Kc6 25. Rd6+ Kb7 26. Bd8 Rc6 27. Rd3 Be1 28. Bh4 Rc7 29. Re3 Bb4 30. Rb3 Kc6 31. Rd3 Rd7 32. Bg5 Rxd3 33. Kxd3 Kb6 34. h4 Ka5 35. Bc1 Ka4 36. Kc2 Ba3 37. Be3 Bb4 38. Kb2 Ba5 39. f4 Bb4 40. f3 Ka5 41. Kb3 Kb6 42. a3 Be1 43. Ka4 Bxh4 44. Kb3 Be1 45. a4 h5 46. Kc2 h4 47. Kd1 Bc3 48. Ke2 Bd4 49. Bd2 h3 50. f5 h2 51. fxe6 fxe6 0-1


[Site "https://www.chess.com"]

[Event "Titled Tuesday Blitz November 29 Early 2022"]
[White "Szalay, Karoly"]
[Black "Aloma Vidal, Robert"]
[WhiteFideId "2600544"]
[BlackFideId "2260409"]
[WhiteElo "2543"]
[BlackElo "2435"]
[Result "0-1"]
[Round "05"]
[TimeControl "180+1"]
[Date "2022.11.30"]
[WhiteClock "0:00:15"]
[BlackClock "0:01:27"]

1. e4 e5 2. Nf3 Nf6 3. Nc3 Nc6 4. Bb5 Nd4 5. Ba4 c6 6. d3 a5 7. a3 b5 8. Bb3 Nxb3 9. cxb3 d6 10. O-O Be7 11. Be3 O-O 12. d4 Ng4 13. Qd3 f5 14. dxe5 Nxe5 15. Nxe5 dxe5 16. Rad1 Qxd3 17. Rxd3 f4 18. Bb6 Be6 19. Rc1 Ra6 20. Bc7 Bf6 21. Bd6 Rd8 22. Ne2 c5 23. Rcd1 c4 24. bxc4 Bxc4 25. R3d2 Bxe2 26. Rxe2 Raxd6 0-1


[Site "https://www.chess.com"]

[Event "Titled Tuesday Blitz November 29 Early 2022"]
[White "Tarasova, Viktoriya"]
[Black "Zaksaite, Salomeja"]
[WhiteFideId "4175840"]
[BlackFideId "12801496"]
[WhiteElo "2182"]
[BlackElo "2079"]
[Result "0-1"]
[Round "05"]
[TimeControl "180+1"]
[Date "2022.11.30"]
[WhiteClock "0:00:02"]
[BlackClock "0:00:14"]

1. d4 Nf6 2. c4 g6 3. Nc3 d5 4. cxd5 Nxd5 5. g3 Bg7 6. Bg2 Nb6 7. Nf3 O-O 8. O-O Nc6 9. e3 e5 10. d5 e4 11. dxc6 Qxd1 12. Rxd1 exf3 13. Bxf3 bxc6 14. Bd2 Rb8 15. b3 Rd8 16. Rac1 Bf5 17. Be1 Rxd1 18. Rxd1 c5 19. Nb5 c4 20. bxc4 Nxc4 21. Nxa7 Ne5 22. Bg2 Bg4 23. Rc1 Nd3 24. Nc6 Rb2 25. Ne7+ Kf8 26. Rxc7 Rb1 27. Nd5 Rxe1+ 28. Bf1 Bh3 0-1


[Site "https://www.chess.com"]

[Event "Titled Tuesday Blitz November 29 Early 2022"]
[White "Timofeev, Artyom"]
[Black "Fromm, Marius"]
[WhiteFideId "4140419"]
[BlackFideId "12993190"]
[WhiteElo "2586"]
[BlackElo "2325"]
[Result "1-0"]
[Round "05"]
[TimeControl "180+1"]
[Date "2022.11.30"]
[WhiteClock "0:00:15"]
[BlackClock "0:00:02"]

1. d4 Nf6 2. Bf4 e6 3. e3 c5 4. c3 Nc6 5. Nd2 d5 6. Ngf3 Bd6 7. Bg3 O-O 8. Bd3 b6 9. Qe2 Bb7 10. Rd1 Qc7 11. O-O Bxg3 12. hxg3 e5 13. dxe5 Nxe5 14. Nxe5 Qxe5 15. Nf3 Qh5 16. Ba6 Bc6 17. Nh4 Qe5 18. Bd3 g6 19. c4 Rad8 20. cxd5 Bxd5 21. b3 Be4 22. Bc4 Kg7 23. Rd2 Qc3 24. Rfd1 Rxd2 25. Qxd2 Qe5 26. a4 Re8 27. Nf3 Bxf3 28. gxf3 h5 29. Qd6 Qxd6 30. Rxd6 Re7 31. Kg2 Nd7 32. f4 Nf6 33. Bb5 Ne4 34. Rd3 Nf6 35. Kf3 Re6 36. Rd8 Re7 37. Bc6 Ng4 38. e4 f6 39. Bd5 g5 40. Bc4 gxf4 41. gxf4 Nh6 42. Rd1 Ng4 43. Re1 Nh2+ 44. Kg3 Ng4 45. f3 Nh6 46. Rh1 Kg6 47. f5+ 1-0


[Site "https://www.chess.com"]

[Event "Titled Tuesday Blitz November 29 Early 2022"]
[White "Troltenier, Dirk"]
[Black "Womacka, Mathias"]
[WhiteFideId "4606400"]
[BlackFideId "4611390"]
[WhiteElo "2334"]
[BlackElo "2378"]
[Result "1/2-1/2"]
[Round "05"]
[TimeControl "180+1"]
[Date "2022.11.30"]
[WhiteClock "0:00:02"]
[BlackClock "0:00:18"]

1. e4 c5 2. c3 d5 3. exd5 Qxd5 4. d4 Nf6 5. Nf3 e6 6. Bd3 Be7 7. O-O O-O 8. Be3 Nc6 9. dxc5 Rd8 10. Be2 Qxd1 11. Rxd1 Rxd1+ 12. Bxd1 Ng4 13. b4 Nxe3 14. fxe3 a5 15. b5 Nb8 16. Nbd2 Bxc5 17. Kf2 Nd7 18. Nb3 Bb6 19. a4 Nc5 20. Nxc5 Bxc5 21. Bc2 Kf8 22. Rd1 Ke7 23. Ke2 b6 24. Be4 Ra7 25. Bc6 f6 26. Nd2 f5 27. Nc4 Bd7 28. Ne5 Be8 29. Bxe8 Kxe8 30. h3 Rc7 31. Nc6 Rd7 32. Rxd7 Kxd7 33. Kd3 Kd6 34. e4 g6 35. Nd8 Ke5 36. Nf7+ Kf4 37. Nd8 fxe4+ 38. Ke2 Kg3 39. Nxe6 Bd6 40. c4 Kxg2 41. c5 bxc5 42. b6 Kxh3 43. b7 Kg4 44. Nxc5 h5 45. Nxe4 Bb8 46. Nf6+ Kf5 47. Nd7 Bc7 48. b8=Q Bxb8 49. Nxb8 Ke6 50. Nc6 Kd5 51. Nxa5 Kc5 52. Nb7+ Kb6 53. Nd8 Ka5 54. Ne6 Kxa4 55. Nf4 h4 56. Nxg6 h3 57. Kf2 h2 58. Kg2 h1=Q+ 59. Kxh1 1/2-1/2


[Site "https://www.chess.com"]

[Event "Titled Tuesday Blitz November 29 Early 2022"]
[White "Trost, Edvin"]
[Black "Ovchinnikov, Vsevolod"]
[WhiteFideId "1729519"]
[BlackFideId "24176842"]
[WhiteElo "2247"]
[BlackElo "2376"]
[Result "1-0"]
[Round "05"]
[TimeControl "180+1"]
[Date "2022.11.30"]
[WhiteClock "0:00:45"]
[BlackClock "0:00:03"]

1. e4 g6 2. d4 Bg7 3. c4 c5 4. d5 d6 5. Nc3 e6 6. Be2 exd5 7. cxd5 Nf6 8. Nf3 O-O 9. O-O Bg4 10. Nd2 Bxe2 11. Qxe2 a6 12. a4 Nbd7 13. a5 Re8 14. Nc4 Ne5 15. Nxe5 Rxe5 16. Bf4 Re7 17. Rfe1 Qc7 18. h3 Rae8 19. Qd3 Nh5 20. Bd2 Be5 21. Qf3 Ng7 22. Bg5 f6 23. Bd2 Bd4 24. Qd3 Qd8 25. Re2 f5 26. Bg5 Qd7 27. Bxe7 Rxe7 28. Rae1 f4 29. Qf3 Be5 30. Rc2 Qd8 31. Ne2 Rf7 32. b4 cxb4 33. Rec1 Qe7 34. Rc8+ Rf8 35. Nxf4 Rxc8 36. Rxc8+ Ne8 37. Ne6 h6 38. Qg4 Kh7 39. f4 Bc3 40. f5 g5 41. Qh5 1-0


[Site "https://www.chess.com"]

[Event "Titled Tuesday Blitz November 29 Early 2022"]
[White "Tsydypov, Zhamsaran"]
[Black "Fecker, Noah"]
[WhiteFideId "4108566"]
[BlackFideId "1334263"]
[WhiteElo "2591"]
[BlackElo "2291"]
[Result "0-1"]
[Round "05"]
[TimeControl "180+1"]
[Date "2022.11.30"]
[WhiteClock "0:01:57"]
[BlackClock "0:00:18"]

1. d4 d5 2. c4 e6 3. Nf3 Nf6 4. g3 Bb4+ 5. Bd2 a5 6. Qc2 O-O 7. Bg2 c5 8. cxd5 Nxd5 9. dxc5 Na6 10. a3 Bxc5 11. O-O Bd7 12. Ne5 Rc8 13. Qb3 Bc6 14. Nxc6 bxc6 15. Qc4 Qb6 16. e4 Ndc7 17. Nc3 Qxb2 18. Bf4 Nb5 19. Na4 Qd4 20. Qb3 Ba7 21. Rad1 Nc5 22. Nxc5 Qxc5 23. Be3 Qe7 24. a4 Bxe3 25. axb5 Bc5 26. bxc6 Rxc6 27. Qb5 Qc7 28. e5 Rb6 29. Qxa5 Qxe5 30. Kh1 Bd4 31. Qd2 Rd6 32. Qc2 Qc5 33. Qe2 e5 34. Rc1 Qb6 35. Rc2 g6 36. h4 h5 37. g4 hxg4 38. Qxg4 Kg7 39. Bf3 Rf6 40. Qg3 Rh8 41. Rg1 Bxf2 42. Rxf2 e4 43. Qe5 Qxf2 0-1


[Site "https://www.chess.com"]

[Event "Titled Tuesday Blitz November 29 Early 2022"]
[White "Valle Maytin, Luis Enrique"]
[Black "Bashirli, Saadat"]
[WhiteFideId "3503666"]
[BlackFideId "13429990"]
[WhiteElo "2225"]
[BlackElo "1408"]
[Result "0-1"]
[Round "05"]
[TimeControl "180+1"]
[Date "2022.11.30"]
[WhiteClock "0:00:04"]
[BlackClock "0:00:17"]

1. e4 c5 2. Nf3 g6 3. d4 cxd4 4. Nxd4 Nc6 5. Nc3 Bg7 6. Be3 Nf6 7. f3 O-O 8. Qd2 d5 9. Nxc6 bxc6 10. O-O-O Be6 11. exd5 cxd5 12. Bb5 Qa5 13. Bd4 Rfd8 14. Ba4 Rab8 15. Bb3 Qb4 16. Kb1 a5 17. a3 Qb7 18. Na4 Qc6 19. Nc5 Nh5 20. Nxe6 Qxe6 21. Bxg7 Nxg7 22. Qxa5 Qe2 23. Qd2 Qb5 24. Qd3 Qb6 25. Qd4 Qb5 26. Qb4 Qe2 27. Qd2 Qb5 28. Rhe1 e6 29. Qd3 Qb6 30. Qd4 Qc7 31. g3 Nf5 32. Qe5 Qb6 33. g4 Ng7 34. Qd4 Qc7 35. f4 Rdc8 36. Re2 Rb5 37. h3 Rcb8 38. Rd3 h6 39. Rc3 Qb7 40. Re1 Qa6 41. Qe5 Qb6 42. Qc7 Qf2 43. Qe5 d4 44. Rd3 Rxe5 45. Rxe5 Qxf4 46. Rc5 Qf1+ 47. Ka2 Qf4 48. a4 Ra8 49. a5 Qd6 50. Rb5 Qc6 51. Ba4 Qc4+ 52. Rdb3 Qxa4+ 53. Kb1 Rxa5 54. Rb8+ Kh7 55. Kc1 Qa1+ 56. Kd2 Qf1 57. Rf8 Qf2+ 58. Kc1 Ra1# 0-1


[Site "https://www.chess.com"]